 Dungeon Crawl Stone Soup version 0.29.1-2-gbd0b4ee654 (webtiles) character file.

Game seed: 15030684402999585095

592 hilljack the Changer (level 7, -6/48 HPs)
             Began as a Human Transmuter on Nov 15, 2022.
             Mangled by Dowan
             ... wielding a +0 dagger
              (8 damage)
             ... on level 4 of the Dungeon.
             The game lasted 00:11:30 (5553 turns).

hilljack the Changer (Human Transmuter)             Turns: 5553, Time: 00:11:31

Health: -6/48      AC:  2    Str: 16    XL:     7   Next: 66%
Magic:  13/13      EV: 12    Int: 16    God:
Gold:   143        SH:  0    Dex: 13    Spells: 8/14 levels left

rFire   . . .      SeeInvis .     - Unarmed
rCold   . . .      Faith    .   (no shield)
rNeg    . . .      Spirit   .   a - +0 robe
rPois   .          Reflect  .   (helmet currently unavailable)
rElec   .          Harm     .   (no cloak)
rCorr   .          Rampage  .   (no gloves)
Will    .....                   (boots currently unavailable)
Stlth   +.........              (no amulet)
HPRegen 0.16/turn               d - +6 ring of strength
MPRegen 0.13/turn               (no ring)

@: appendages (expiring), on berserk cooldown, slowed, very slow
A: horns 2, talons 2
a: End Transformation


You were on level 4 of the Dungeon.
You had temporarily grown beastly horns and talons.
You visited 1 branch of the dungeon, and saw 4 of its levels.

You collected 143 gold pieces.

Inventory:

Armour
 a - a +0 robe (worn)
 h - a +1 helmet (melded)
Magical Staves
 g - a staff of earth
Jewellery
 d - a +6 ring of strength (left hand)
Scrolls
 f - 2 scrolls of teleportation
 k - 2 scrolls of poison
 l - a scroll of enchant armour
Potions
 b - a potion of berserk rage
 e - a potion of cancellation {unknown}
 i - a potion of might


   Skills:
 - Level 1.0 Fighting
 - Level 2.0 Dodging
 - Level 3.0 Unarmed Combat
 + Level 4.0 Spellcasting
 * Level 6.0 Transmutations
 - Level 3.0 Poison Magic


You had 8 spell levels left.
You knew the following spells:

 Your Spells              Type           Power      Damage    Failure   Level
a - Beastly Appendage     Tmut           44%        N/A       1%          1
b - Wereblood             Tmut           22%        N/A       1%          2
c - Spider Form           Tmut/Pois      17%        N/A       8%          3

Your spell library contained the following spells:

 Spells                   Type           Power      Damage    Failure   Level
 Passwall                 Tmut/Erth      10%        N/A       8%          2
 Sandblast                Erth           6%         2d5       17%         1
 Ice Form                 Ice/Tmut       12%        N/A       43%         4
 Stone Arrow              Conj/Erth      6%         3d7       45%         3
 Passage of Golubria      Tloc           3%         N/A       86%         4
 Silence                  Hex/Air        1%         N/A       99%         5
 Lehudib's Crystal Spear  Conj/Erth      1%         10d2      100%        8


Dungeon Overview and Level Annotations

Branches:
Dungeon (4/15) Zot: 18434
 Temple: D:4-7

Altars:
Vehumet

Shops:
D:4 (

Annotations:
D:4 Dowan


Innate Abilities, Weirdness & Mutations

You have temporarily grown beastly horns and talons.


Message History

Dowan casts a spell.
Dowan blinks!
You see here a dart slug corpse.
You hit Dowan but do no damage. Your kick misses Dowan.
Dowan is moderately wounded.
Dowan hits you with a +0 dagger!
* * * LOW HITPOINT WARNING * * *
Dowan hits you with a +0 dagger!
* * * LOW HITPOINT WARNING * * *
You feel much better. Dowan closely misses you.
Dowan hits you with a +0 dagger. x2
You hit Dowan but do no damage. Your kick misses Dowan.
Your punch misses Dowan.
Dowan is moderately wounded.
Dowan hits you with a +0 dagger. Dowan hits you with a +0 dagger!
* * * LOW HITPOINT WARNING * * *
You feel much better.
Dowan mumbles some strange words.
Dowan blinks!
Your transformation is almost over.
Dowan points at you and mumbles some strange words.
The stone arrow hits you!
You hit Dowan but do no damage. Your kick misses Dowan.
Your headbutt misses Dowan.
Dowan is moderately wounded.
Dowan mumbles some strange words.
Dowan blinks!
Dowan closely misses you. Dowan hits you with a +0 dagger!
You hit Dowan but do no damage. Your kick misses Dowan. You headbutt Dowan.
Dowan is moderately wounded.
Dowan barely misses you. Dowan gestures at you while chanting.
The stone arrow misses you.
You hit Dowan. Your kick misses Dowan. Your headbutt misses Dowan.
Dowan is heavily wounded.
Dowan points at you and mumbles some strange words.
The stone arrow hits you!!
* * * LOW HITPOINT WARNING * * *
Dowan hits you with a +0 dagger!
You die...

#...♣.<...#
+.........+ ......
#..♣∩♣....# #....##
##.......## #.....#
##.♣...## #.....#
##...## #.....# ##'##
#.....# #.# #..e..#
#.# #.#@####.# ##.##
#........#
##...#########†######
#...........##)#
##...#.####.##.#
##...)........#
..........##.####
.###..#.####.#
#..#.####.#


You could see Dowan (fast, strong).

Vanquished Creatures
  Sigmund (D:3)
  Menkaure (D:4)
  Duvessa (D:4)
  Natasha (D:3)
  Robin (D:3)
  7 adders
  An ufetubus (D:3)
  3 worms
  An adder skeleton (D:3)
  3 dart slugs
  4 orcs
  3 endoplasms
  2 giant cockroaches (D:1)
  16 goblins
  6 hobgoblins
  4 jackals (D:2)
  3 quokkas
  9 ball pythons
  2 ball python skeletons (D:3)
  4 bats
  5 frilled lizards
  8 kobolds
  6 rats
92 creatures vanquished.

Vanquished Creatures (others)
  A withered plant (D:3)
1 creature vanquished.

Grand Total: 93 creatures vanquished

Notes
Turn   | Place    | Note
-------+----------+-------------------------------------------
     0 | D:1      | hilljack the Human Transmuter began the quest for the Orb.
     0 | D:1      | Reached XP level 1. HP: 15/15 MP: 3/3
   650 | D:1      | Reached XP level 2. HP: 6/21 MP: 3/5
   867 | D:1      | Learned a level 2 spell: Wereblood
  1636 | D:1      | Reached XP level 3. HP: 26/26 MP: 4/6
  1640 | D:1      | Learned a level 3 spell: Spider Form
  2002 | D:1      | Reached skill level 3 in Transmutations
  2427 | D:2      | Reached XP level 4. HP: 27/32 MP: 7/7
  2704 | D:2      | Reached skill level 1 in Poison Magic
  2877 | D:2      | Found a faded altar of an unknown god.
  3374 | D:2      | Reached XP level 5. HP: 29/37 MP: 7/9
  3465 | D:2      | Reached skill level 4 in Transmutations
  4038 | D:3      | Noticed Natasha
  4049 | D:3      | Killed Natasha
  4229 | D:3      | Noticed Robin
  4242 | D:3      | Killed Robin
  4499 | D:3      | Reached XP level 6. HP: 29/43 MP: 10/10
  4681 | D:3      | Found a radiant altar of Vehumet.
  5026 | D:3      | Noticed Sigmund
  5090 | D:3      | Killed Sigmund
  5091 | D:3      | Reached skill level 5 in Transmutations
  5091 | D:3      | Reached XP level 7. HP: 42/48 MP: 10/12
  5484 | D:4      | Found Miosupet's Weapon Shop.
  5517 | D:4      | Noticed Duvessa
  5517 | D:4      | Noticed Dowan
  5529 | D:4      | Killed Duvessa
  5533 | D:4      | Noticed Menkaure
  5537 | D:4      | Killed Menkaure
  5538 | D:4      | Reached skill level 6 in Transmutations
  5545 | D:4      | HP: 2/48 [Dowan/+0 dagger (9)]
  5553 | D:4      | HP: 2/48 [Dowan/stone arrow (19)]
  5553 | D:4      | Mangled by Dowan

Illustrated notes

Levels and vault maps discovered:
D:1:      wander_arrival_abandoned_jail, layout_basic, minmay_misc_feat_iff
D:2:      layout_rooms, chequers_ecumenical_altar_simple, minmay_unequal
D:3:      layout_basic, nicolae_vehumet_altar_sigil, serial_undead,
          serial_undead_c, serial_undead_c, serial_undead_b, serial_undead_a,
          glass_columns_b, chequers_garden, minmay_misc_feat_four_crosses,
          uniq_natasha, uniq_sigmund, uniq_robin
D:4:      layout_loops_corners, slow_altar_2, nzn_wu_jian_contemplation,
          minmay_temple_entry_slanted, serial_shops, nicolae_shop_trees,
          uniq_duvessa, uniq_menkaure

Skill      XL: |  1  2  3  4  5  6  7 |
---------------+----------------------+-----
Transmutations | 3 4 5 6 |  6.0
Poison Magic   | 1 2 3 |  3.0
Spellcasting   | 3 4 |  4.0
Fighting       | |  1.0
Dodging        | |  2.0
Unarmed Combat | |  3.0

Action                   |  1- 3 |  4- 6 |  7- 9 || total
-------------------------+-------+-------+-------++-------
Melee: Unarmed           |   103 |   163 |    29 ||   295
       Kick              |     7 |    30 |     5 ||    42
       Headbutt          |     4 |    15 |     5 ||    24
       Punch             |     3 |     3 |       ||     6
 Cast: Beastly Appendage |    10 |    20 |     1 ||    31
       Wereblood         |     2 |     1 |       ||     3
  Use: Potion            |     3 |     4 |     3 ||    10
       Scroll            |     5 |     4 |     2 ||    11
 Stab: Sleeping          |     1 |       |       ||     1
Armor: Robe              |    18 |    29 |     4 ||    51
       Skin              |     1 |       |       ||     1
Dodge: Dodged            |    58 |   112 |    10 ||   180
